 Dungeon Crawl Stone Soup version 0.16-a0-3533-gc382f62 (webtiles) character file.

67 Kemay the Changer (level 4, 26/28 HPs)
             Began as an Octopode Transmuter on Jan 8, 2015.
             Quit the game on level 2 of the Dungeon.
             The game lasted 00:05:25 (2358 turns).

Kemay the Changer (Octopode Transmuter)             Turns: 2358, Time: 00:05:25

Health: 26/28      AC:  3    Str:  9    XL:     4   Next: 16%
Magic:  7/7        EV: 12    Int: 14    God:
Gold:   75         SH:  0    Dex: 12    Spells: 2 memorised, 3 levels left

rFire  . . .     SeeInvis .       - Unarmed
rCold  . . .     Clarity  .     (no shield)
rNeg   . . .     SustAb   .     (helmet restricted)
rPois  .         Gourm    .     (no amulet)
rElec  .         Spirit   .     (no ring)
rCorr  .         Warding  .     (no ring)
rMut   .         Stasis   .     (no ring)
MR     .....                    (no ring)
Stlth  ++........               (no ring)
                                (no ring)
                                (no ring)
                                (no ring)

@: not resistant to hostile enchantments, unstealthy
A: almost no armour, amphibious, 8 rings, constrict 8, slimy green scales 1,
camouflage 1, blurry vision 1, dopey 1, gelatinous body 1
a: no special abilities


You were on level 2 of the Dungeon.
You were not hungry.

You visited 1 branch of the dungeon, and saw 2 of its levels.

You collected 75 gold pieces.

Inventory:

Potions
 i - a potion of curing
Books
 d - a book of Changes

   Spells                             Type                      Level
   a - Beastly Appendage              Transmutation                1
   b - Sticks to Snakes               Transmutation                2
   c - Spider Form                    Transmutation/Poison         3
   d - Ice Form                       Ice/Transmutation            4
   e - Blade Hands                    Transmutation                5
Comestibles
 a - a bread ration
 b - a meat ration
 c - a chunk of flesh
 f - 2 beef jerkies


   Skills:
 - Level 1.0 Fighting
 - Level 2.0 Dodging
 - Level 3.0 Unarmed Combat
 - Level 2.0 Spellcasting
 * Level 4.0 Transmutations
 + Level 1.3 Poison Magic


You had 3 spell levels left.
You knew the following spells:

 Your Spells              Type           Power        Failure   Level  Hunger
a - Beastly Appendage     Trmt           ##....       4%          1    ##.....
b - Spider Form           Trmt/Pois      #.........   24%         3    ####...


Dungeon Overview and Level Annotations

Branches:
Dungeon (2/15)

Altars:
Dithmenos


Innate Abilities, Weirdness & Mutations

You cannot wear most types of armour.
You are amphibious.
You can wear up to eight rings at the same time.
You can use your tentacles to constrict many enemies at once.
Your skin changes colour to match your surroundings (Stealth).
Your rubbery body absorbs attacks (AC +1).
You are partially covered in slimy green scales (AC +2).
Scrolls take you a little longer to read.
You are dopey. (Int -2)


Message History

You hit the rat.
You kill the rat!
You see here a rat corpse.
You butcher the rat corpse.
c - 2 chunks of flesh (gained 1) Eat one of 2 chunks of flesh? (ye/n/q/i?) This raw flesh tastes terrible.
You continue eating.
Your transformation has ended.
You continue eating.
You see here a short sword.
Found a club.
e - a sapphire potion Drink which item? (? for menu, Esc to quit)
It was a potion of mutation.
You feel extremely strange.
Slimy green scales grow over part of your body.
Your vision blurs.
You feel stupid.
Drink which item? (? for menu, Esc to quit)
It was a potion of magic.
Magic courses through your body.
Are you sure you want to abandon this character and quit the game? (Confirm with "yes".)

.......#.###.#........#
.......#.###.)........
............).........
.............#........
.............###....#
.........###.## ##.##
#[..(.... #..####.###
#....... #.........##
....... #.#..@.....# ..
.>................# .
.......>.......#
.....#......)...#
....#..........#
...#..........
##........ #.......
....


There were no monsters in sight!

Vanquished Creatures
  3 adders
  2 oozes (D:1)
  6 goblins
  3 hobgoblins
  3 jackals (D:2)
  6 bats (D:1)
  A giant gecko (D:2)
  6 giant newts
  8 kobolds
  4 rats
42 creatures vanquished.

Notes
Turn   | Place    | Note
--------------------------------------------------------------
     0 | D:1      | Kemay, the Octopode Transmuter, began the quest for the Orb.
     0 | D:1      | Reached XP level 1. HP: 13/13 MP: 3/3
   477 | D:1      | Reached XP level 2. HP: 18/18 MP: 4/4
  1297 | D:2      | Reached XP level 3. HP: 23/23 MP: 4/6
  1319 | D:1      | Learned a level 3 spell: Spider Form
  1452 | D:2      | Found a shadowy altar of Dithmenos.
  1882 | D:1      | Reached skill level 1 in Poison Magic
  2335 | D:2      | Reached skill level 4 in Transmutations
  2335 | D:2      | Reached XP level 4. HP: 24/28 MP: 3/7
  2356 | D:2      | Gained mutation: You are partially covered in slimy green scales (AC +2). [potion of mutation]
  2356 | D:2      | Gained mutation: Scrolls take you a little longer to read. [potion of mutation]
  2356 | D:2      | Gained mutation: You are dopey. (Int -2) [potion of mutation]
  2358 | D:2      | Quit the game

Action                   |  1- 3 |  4- 6 || total
-------------------------+-------+-------++-------
Melee: Unarmed           |   105 |     1 ||   106
 Cast: Beastly Appendage |    12 |       ||    12
       Spider Form       |     2 |       ||     2
 Abil: End Transformatio |     3 |       ||     3
  Use: Scroll            |     5 |       ||     5
       Potion            |       |     2 ||     2
 Stab: Sleeping          |     3 |       ||     3
  Eat: Chunk             |     4 |     1 ||     5
